 Dungeon Crawl Stone Soup version 0.22.1-1-ga44c0e56f4 (webtiles) character file.

359 Morrissey the Ruffian (level 6, -4/62 HPs)
             Began as a Troll Monk on Oct 27, 2018.
             Slain by Sigmund
             ... wielding a +2 scythe of distortion
              (23 damage)
             ... on level 3 of the Dungeon.
             The game lasted 00:05:03 (1789 turns).

Morrissey the Ruffian (Troll Monk)                  Turns: 1789, Time: 00:05:04

Health: -4/62      AC:  5    Str: 20    XL:     6   Next: 37%
Magic:  4/4        EV: 10    Int:  6    God:
Gold:   104        SH:  0    Dex: 14    Spells: 5/5 levels left

rFire    + . .     SeeInvis .     - Unarmed
rCold    . . .     Gourm    +   (no shield)
rNeg     . . .     Faith    .   a - +0 robe
rPois    .         Spirit   .   (helmet restricted)
rElec    .         Reflect  .   (no cloak)
rCorr    .         Harm     .   (gloves unavailable)
MR       .....                  (boots unavailable)
Stlth    +.........             u - amulet of rage
HPRegen  0.60/turn              d - ring of attention (curse)
MPRegen  0.09/turn              g - ring of protection from fire (curse)

@: no status effects
A: large, unfitting armour, claws 3, blurry vision 1, fast metabolism 3,
gourmand, low mp 1, regeneration 1, shaggy fur 1, tough skin 2, subdued magic 1
a: Evoke Berserk Rage


You were on level 3 of the Dungeon.
You were completely stuffed.

You visited 1 branch of the dungeon, and saw 3 of its levels.
You visited the Abyss 1 time.

You collected 104 gold pieces.

Inventory:

Missiles
 t - 88 stones
 v - 5 large rocks (quivered)
Armour
 a - a +0 robe (worn)
Jewellery
 d - a cursed ring of attention (left claw)
 g - a cursed ring of protection from fire (right claw)
 l - an uncursed ring of positive energy {unknown}
 u - an amulet of rage (around neck)
Scrolls
 c - a scroll of fear {unknown}
 e - 2 scrolls of amnesia {unknown}
 h - a scroll of enchant weapon {unknown}
 k - a scroll of random uselessness {unknown}
 n - 2 scrolls of magic mapping {unknown}
 o - 3 scrolls of remove curse {unknown}
 q - 3 scrolls of identify {unknown}
Potions
 f - a potion of heal wounds {unknown}
 i - a potion of magic {unknown}
 j - a potion of agility {unknown}
 m - a potion of mutation {unknown}
 r - a potion of resistance {unknown}
Comestibles
 b - 4 rations
 p - 8 chunks of flesh


   Skills:
 + Level 3.9 Fighting
 - Level 2.4 Dodging
 - Level 1.0 Stealth
 * Level 6.1 Unarmed Combat


You had 5 spell levels left.
You didn't know any spells.
Your spell library was empty.

Dungeon Overview and Level Annotations

Branches:
Dungeon (3/15)

Altars:

Annotations:
D:3 Sigmund


Innate Abilities, Weirdness & Mutations

You are too large for most types of armour.
You have claws for hands.
Your metabolism is lightning-fast.
You like to eat raw meat.
Your natural rate of healing is unusually fast.
You are covered in fur. (AC +1)
You have very tough skin. (AC +2)
Scrolls take you a little longer to read.
Your magical capacity is low. (-10% MP)
Your spells are a little easier to cast, but a little less powerful.


Message History

The iron imp disappears in a puff of smoke!
The white imp disappears in a puff of smoke!
The ufetubus disappears in a puff of smoke!
Your Unarmed Combat skill increases to level 6!
You have reached level 6!
Your experience leads to an increase in your attributes!
Increase (S)trength, (I)ntelligence, or (D)exterity?
You feel agile.
You feel stronger.
The substance of the Abyss twists violently, and a gateway leading out appears!
You pass through the gate.
Welcome back to the Dungeon!
Level annotation: Sigmund Sigmund barely misses you.
Sigmund whispers, "You'll know eternity soon."
It was a potion of curing.
You feel better. Sigmund barely misses you.
You feel better.
Sigmund hits you from afar with a scythe of distortion!
* * * LOW HITPOINT WARNING * * *
Space warps horribly around you!
You die...

.........#.......#
..............##.#
......<.....).##.#
!.............##.#
.......#....#.##.#
.......#...##.##.#
.......#...##.##.#
..............##.#
.............###@#
.............# #.#
.............###@#.##.#
.............#.........#
P............#.........#
...###..÷#.............#
P.## ###...............#
P## #.)###......##### ≈
#......######..#


You could see Sigmund.

Vanquished Creatures
  A neqoxec (Abyss:1)
  An ogre (D:3)
  A scorpion (D:2)
  4 adders
  An ooze (D:1)
  A worm (D:2)
  A dart slug (D:2)
  2 leopard geckos (D:2)
  12 bats
  4 giant cockroaches
  6 goblins
  2 hobgoblins (D:1)
  3 jackals (D:2)
  7 kobolds
  4 ball pythons
  11 frilled lizards
  6 rats
67 creatures vanquished.

Notes
Turn   | Place    | Note
-------+----------+-------------------------------------------
     0 | D:1      | Morrissey the Troll Monk began the quest for the Orb.
     0 | D:1      | Reached XP level 1. HP: 22/22 MP: 0/0
    93 | D:1      | Reached XP level 2. HP: 29/29 MP: 1/1
   623 | D:2      | Reached XP level 3. HP: 29/36 MP: 2/2
   649 | D:2      | Reached skill level 4 in Unarmed Combat
   693 | D:2      | Noticed a scorpion
   698 | D:2      | Killed a scorpion
   698 | D:2      | Reached XP level 4. HP: 35/45 MP: 3/3
  1565 | D:3      | Noticed an ogre
  1567 | D:3      | Reached skill level 5 in Unarmed Combat
  1569 | D:3      | Reached XP level 5. HP: 51/53 MP: 4/4
  1583 | D:3      | Killed an ogre
  1690 | D:3      | Noticed Sigmund
  1722 | D:3      | Cast into level 1 of the Abyss (Sigmund)
  1761 | Abyss:1  | Noticed a neqoxec
  1773 | Abyss:1  | Gained mutation: Your magical capacity is low. (-10% MP) [a
                  | neqoxec]
  1776 | Abyss:1  | Gained mutation: Scrolls take you a little longer to read.
                  | [a neqoxec]
  1777 | Abyss:1  | Noticed a demonic crawler
  1778 | Abyss:1  | Gained mutation: Your spells are a little easier to cast,
                  | but a little less powerful. [a neqoxec]
  1780 | Abyss:1  | Noticed a flying skull
  1782 | Abyss:1  | Killed a neqoxec
  1782 | Abyss:1  | Reached skill level 6 in Unarmed Combat
  1782 | Abyss:1  | Reached XP level 6. HP: 5/62 MP: 4/4
  1784 | D:3      | Escaped the Abyss
  1789 | D:3      | Slain by Sigmund

Skill      XL: |  1  2  3  4  5 |
---------------+----------------+-----
Unarmed Combat | 4 5 6 |  6.1
Fighting       | 3 |  3.9
Dodging        | |  2.4
Stealth        | |  1.0

Action                   |  1- 3 |  4- 6 || total
-------------------------+-------+-------++-------
Melee: Unarmed           |    62 |   124 ||   186
       Punch             |       |     1 ||     1
Throw: Stone             |       |     5 ||     5
  Use: Potion            |       |     2 ||     2
 Stab: Sleeping          |     2 |       ||     2
  Eat: Chunk             |    12 |    10 ||    22
Armor: Robe              |    13 |    49 ||    62
Dodge: Dodged            |    26 |    74 ||   100
